 Dungeon Crawl Stone Soup version 0.30-a0-860-g512cf1e979 (webtiles) character file.

Game seed: 1459452555568461628

3747 M4edhros the Fighter (level 10, -6/73 HPs)
             Began as an Octopode Monk on Mar 7, 2023.
             Was a Priest of Cheibriados.
             Mangled by a killer bee (7 damage)
             ... on level 8 of the Dungeon.
             The game lasted 00:17:08 (4215 turns).

M4edhros the Fighter (Octopode Monk)                Turns: 4215, Time: 00:17:09

Health: -6/73      AC:  1    Str: 24    XL:     10   Next: 15%
Magic:  19/19      EV: 20    Int: 26    God:    Cheibriados [***...]
Gold:   307        SH:  0    Dex: 25    Spells: 4/9 levels left

rFire   . . .      SeeInvis +    M - +1 morningstar (protect)
rCold   + . .      Faith    .    (no shield)
rNeg    . . .      Spirit   .    (helmet restricted)
rPois   +          Reflect  .    (no amulet)
rElec   .          Rampage  .    e - +6 ring of intelligence
rCorr   .                        h - ring "Dastioq" {rPois MP+9 Str+6}
Will    .....                    B - ring of protection from cold
Stlth   ++++                     l - ring of see invisible
HPRegen 0.32/turn                (no ring)
MPRegen 0.16/turn                (no ring)
                                 (no ring)
                                 (no ring)

@: lethally poisoned (-6 -> -9), very slow
A: almost no armour, amphibious, 8 rings, camouflage 1, gelatinous body 1,
(nimble swimmer 1), tentacles
a: Renounce Religion, Bend Time, Temporal Distortion


You were on level 8 of the Dungeon.
You worshipped Cheibriados.
Cheibriados was most pleased with you.
You visited 2 branches of the dungeon, and saw 9 of its levels.
You also visited: Sewer and Ossuary.

You collected 307 gold pieces.

Inventory:

Hand Weapons
 a - the +10 whip "Biezif" {drain, Int+3}
   (You found it on level 3 of the Dungeon)

   Int:       It affects your intelligence (+3).
 b - a +6 arbalest of flaming
 M - a +1 morningstar of protection (weapon)
Missiles
 i - 5 javelins (quivered)
 v - 6 poisoned darts
Magical Staves
 N - a staff of cold
Jewellery
 e - a +6 ring of intelligence (left tentacle)
 h - the ring "Dastioq" (right tentacle) {rPois MP+9 Str+6}
   (You found it on level 3 of the Dungeon)

   [ring of strength]

   Str:       It affects your strength (+6).
   rPois:     It protects you from poison.
   MP:        It affects your magic capacity (+9).
 l - a ring of see invisible (on tentacle)
 B - a ring of protection from cold (on tentacle)
 K - a ring of ice
Wands
 D - a wand of iceblast (11)
 E - a wand of mindburst (5)
Scrolls
 c - 8 scrolls of teleportation
 d - 4 scrolls of blinking {unknown}
 m - a scroll of butterflies {unknown}
 n - 4 scrolls of enchant armour {unknown}
 o - 7 scrolls of identify {unknown}
 p - 2 scrolls of immolation {unknown}
 w - a scroll of fog {unknown}
 x - 2 scrolls of amnesia {unknown}
 y - 3 scrolls of magic mapping {unknown}
 C - a scroll of noise {unknown}
 F - a scroll of fear {unknown}
 I - 2 scrolls of vulnerability {unknown}
Potions
 g - 2 potions of heal wounds
 j - 2 potions of ambrosia
 q - 2 potions of haste {unknown}
 r - a potion of might {unknown}
 s - 2 potions of cancellation {unknown}
 t - 4 potions of mutation {unknown}
 u - a potion of degeneration {unknown}
 z - 2 potions of attraction {unknown}
 A - 5 potions of curing {unknown}
 G - a potion of resistance {unknown}
 H - 3 potions of lignification {unknown}
 J - a potion of brilliance {unknown}
 L - a potion of berserk rage {unknown}


   Skills:
 + Level 8.7 Fighting
 - Level 6.3 Maces & Flails
 + Level 8.6 Dodging
 - Level 2.6 Stealth
 - Level 4.7 Unarmed Combat
 + Level 5.0 Poison Magic


You had 4 spell levels left.
You knew the following spells:

 Your Spells              Type           Power      Damage    Failure   Level
a - Mephitic Cloud        Conj/Pois/Air  8%         N/A       19%         3
b - Poisonous Vapours     Pois/Air       26%        N/A       7%          2

Your spell library contained the following spells:

 Spells                   Type           Power      Damage    Failure   Level
 Cigotuvi's Dreadful Rot  Necr/Pois/Air  16%        N/A       10%         2
 Lesser Beckoning         Tloc           0%         N/A       19%         2
 Gell's Gravitas          Tloc           0%         N/A       36%         3
 Hailstorm                Conj/Ice       0%         3d3       36%         3
 Teleport Other           Tloc           0%         N/A       36%         3
 Ice Form                 Ice/Tmut       0%         N/A       77%         4
 Simulacrum               Ice/Necr       0%         N/A       100%        6


Dungeon Overview and Level Annotations

Branches:
Dungeon (8/15)             Temple (1/1) D:4           Sewer (visited)
Ossuary (visited)
   Lair: D:8-11

Altars:
Ashenzari
Cheibriados
Dithmenos
Elyvilon
Fedhas
Gozag
Hepliaklqana
Kikubaaqudgha
Makhleb
Nemelex Xobeh
Okawaru
Qazlal
Ru
Sif Muna
Trog
Uskayaw
Vehumet
Wu Jian
Xom
Yredelemnul
Zin

Shops:
D:2 (   D:3 :   D:4 :


Innate Abilities, Weirdness & Mutations

You cannot wear most types of armour.
You are amphibious.
You can wear up to eight rings at the same time.
Your skin changes colour to match your surroundings (Stealth+).
Your rubbery body absorbs attacks. (AC +1, EV +1)
((You are camouflaged when in or above water. (Stealth+)))
You have tentacles for arms and can constrict up to eight enemies at once.


Message History

The killer bee is engulfed in poison gas.
The killer bee looks even sicker.
The killer bee stings you.
* * * LOW HITPOINT WARNING * * *
You are poisoned.
The killer bee poisons you!
You hear an angry buzzing noise.
Unknown command.
Unknown command.
Unknown command.
Unknown command.
Unknown command.
Unknown command.
Unknown command.
Unknown command.
Unknown command.
Unknown command.
Unknown command.
Unknown command.
Unknown command.
Unknown command.
Unknown command.
Unknown command.
Unknown command.
Unknown command.
You feel much better.
You feel sick.
The centaur warrior is engulfed in poison gas.
The centaur warrior looks as sick as possible!
The centaur warrior shoots an arrow.
The arrow hits you!
* * * LOW HITPOINT WARNING * * *
The killer bee is engulfed in poison gas.
The killer bee looks as sick as possible!
The killer bee misses you.
The centaur warrior is engulfed in poison gas.
The centaur warrior looks as sick as possible!
The centaur warrior shoots an arrow.
The arrow hits you!
* * * LOW HITPOINT WARNING * * *
The killer bee is engulfed in poison gas.
The killer bee looks as sick as possible!
The killer bee stings you!
You die...

#. .#.#.####.
.§§§.§○.. ..§§○#○.o ##
.y☼#c. #c #§F§. .##
### #☼§§##§○###...
#.§y@§§#.#.#.#
#.#○§○§§☼#...#
#.§§☼§☼☼§..#
#§§§§☼§§§..#
#§§§☼§§§§..#
#§☼§☼☼§○§..###
###§§§§§☼§§....####
...☼☼○§○☼§☼○..#...†###
#####.............(..#


You could see a centaur warrior (extremely poisoned), a bullfrog (very poisoned)
and 2 killer bees.

Vanquished Creatures
  A two-headed ogre (D:7)
  Maggie (D:8)
  5 yaks (D:8)
  A wyvern (D:8)
  A water moccasin (D:8)
  An orc warrior (D:8)
  A black bear (D:5)
  A phantom (D:4)
  2 bullfrogs
  An elf zombie (Ossuary)
  A scorpion (D:6)
  5 wights (D:7)
  7 killer bees (D:8)
  3 centaur zombies (Ossuary)
  4 hounds
  A human zombie (Ossuary)
  A jelly (Sewer)
  3 orc priests (D:8)
  Jessica (D:3)
  2 iguanas
  An orc wizard (D:8)
  2 ogre zombies (Ossuary)
  7 mummies (Ossuary)
  7 gnolls
  7 adders
  An ufetubus (D:5)
  An adder zombie (Ossuary)
  2 dart slugs
  8 orcs
  9 ball pythons
  17 endoplasms
  9 giant cockroaches
  2 gnoll zombies (Ossuary)
  12 hobgoblins
  2 jackals (D:5)
  3 quokkas
  3 bats
  4 frilled lizards
  10 goblins
  2 goblin zombies (Ossuary)
  A hobgoblin zombie (Ossuary)
  5 kobolds
  4 kobold zombies (Ossuary)
  2 quokka zombies (Ossuary)
  4 rats
  A rat zombie (Ossuary)
169 creatures vanquished.

Vanquished Creatures (others)
  A plant (D:4)
1 creature vanquished.

Grand Total: 170 creatures vanquished

Notes
Turn   | Place    | Note
-------+----------+-------------------------------------------
     0 | D:1      | M4edhros the Octopode Monk began the quest for the Orb.
     0 | D:1      | Reached XP level 1. HP: 16/16 MP: 1/1
   105 | D:2      | Reached XP level 2. HP: 15/21 MP: 2/2
   186 | D:2      | Found a faded altar of an unknown god.
   450 | D:3      | Noticed Jessica
   454 | D:3      | Killed Jessica
   455 | D:3      | Reached XP level 3. HP: 26/26 MP: 3/3
   521 | D:3      | Found Nefogh's Book Emporium.
   633 | D:3      | Identified the ring "Dastioq" {rPois MP+9 Str+6}
   685 | D:4      | Identified a scroll of acquirement
   701 | D:3      | Identified the +10 whip "Biezif" {drain, Int+3}
   775 | D:3      | Acquired a +6 arbalest of flaming
   795 | D:4      | Found Uzexzan's Vocational Training.
   951 | D:4      | Found a glowing drain.
   969 | D:4      | Reached skill level 1 in Maces & Flails
   969 | D:4      | Reached XP level 4. HP: 26/31 MP: 4/4
   977 | Sewer    | Entered a sewer
  1109 | Sewer    | Found a viscous altar of Jiyva.
  1133 | Sewer    | Reached XP level 5. HP: 35/36 MP: 5/5
  1289 | D:4      | Noticed a phantom
  1295 | D:4      | Killed a phantom
  1296 | D:4      | Reached XP level 6. HP: 35/42 MP: 6/6
  1341 | D:4      | Found a staircase to the Ecumenical Temple.
  1346 | Temple   | Entered the Ecumenical Temple
  1422 | D:4      | Reached skill level 5 in Maces & Flails
  1437 | D:4      | Found a shimmering blue altar of Sif Muna.
  1440 | D:4      | Found a radiant altar of Vehumet.
  1444 | D:4      | Found a hide-covered altar of Uskayaw.
  1447 | D:4      | Found a stormy altar of Qazlal.
  1555 | D:5      | Entered Level 5 of the Dungeon
  2038 | D:1      | You fall into a shaft and drop 1 floor!
  2140 | D:2      | Found Fugits's Antique Weapon Shop.
  2399 | D:5      | Noticed a black bear
  2409 | D:5      | Killed a black bear
  2410 | D:5      | Reached XP level 7. HP: 41/46 MP: 7/7
  2858 | D:6      | Found a sand-covered staircase.
  2869 | Ossuary  | Entered an ossuary
  3099 | Ossuary  | Reached XP level 8. HP: 44/54 MP: 8/8
  3511 | D:7      | Found a bloodstained altar of Trog.
  3516 | D:7      | Reached skill level 5 in Fighting
  3517 | D:7      | Found a sparkling altar of Nemelex Xobeh.
  3520 | D:7      | Found a snail-covered altar of Cheibriados.
  3524 | D:7      | Became a worshipper of Cheibriados the Contemplative
  3524 | D:7      | Reached * piety under Cheibriados
  3524 | D:7      | Reached ** piety under Cheibriados
  3598 | D:8      | Noticed a yak
  3605 | D:8      | Killed a yak
  3606 | D:8      | Reached skill level 5 in Dodging
  3606 | D:8      | Noticed a yak
  3606 | D:8      | Noticed a yak
  3606 | D:8      | Noticed a yak
  3608 | D:8      | Noticed a yak
  3725 | D:7      | Noticed a two-headed ogre
  3732 | D:7      | Killed a two-headed ogre
  3733 | D:7      | Reached XP level 9. HP: 45/64 MP: 9/9
  3882 | D:8      | Learned a level 3 spell: Mephitic Cloud
  3885 | D:8      | Learned a level 2 spell: Poisonous Vapours
  3894 | D:8      | Noticed an orange demon
  3905 | D:8      | Noticed Maggie
  3913 | D:8      | Killed Maggie
  4081 | D:8      | Reached *** piety under Cheibriados
  4082 | D:8      | Reached XP level 10. HP: 45/73 MP: 10/10
  4188 | D:8      | Reached skill level 5 in Poison Magic
  4206 | D:8      | Noticed a centaur warrior
  4215 | D:8      | HP: 1/73 [centaur warrior/arrow (9)]
  4215 | D:8      | Mangled by a killer bee

Illustrated notes

Levels and vault maps discovered:
D:1:      dpeg_arrival_stone_temple_mockup, layout_loops_corners, moated_statue
D:2:      layout_basic, hellmonk_ecumenical_altar_crossroads, serial_shops,
          nicolae_shop_crystal
D:3:      layout_basic, serial_shops, nicolae_shop_window_shopping, uniq_jessica
D:4:      layout_rooms, minitemple, minmay_temple_entry_gardened_gates,
          gup_sewer_entry_glass, nicolae_shop_vocational
D:5:      layout_gridville, sigmund_army
D:6:      layout_loops_ring, nicolae_ossuary_entry_plus,
          biasface_ghost_orc_armoury, nicolae_figureground_sparkle, uniq_grinder
D:7:      layout_rooms, grunt_temple_overflow_diamond, serial_aquarium,
          aquarium_bridge_square [aquarium_subvault_bridge,
          aquarium_subvault_wall, aquarium_subvault_bridge,
          aquarium_subvault_wall], aquarium_bridge_square
          [aquarium_subvault_balcony, aquarium_subvault_bridge,
          aquarium_subvault_wall, aquarium_subvault_window],
          aquarium_window_fake, aquarium_window_fake, aquarium_window_2,
          aquarium_view_2c, aquarium_view_2a
D:8:      layout_basic, minmay_manual_monstrance, uniq_maggie, uniq_amaemon
Temple:   nicolae_temple_great_sept

Skill      XL: |  1  2  3  4  5  6  7  8  9 10 |
---------------+-------------------------------+-----
Unarmed Combat | 4 |  4.7
Maces & Flails | 1 3 4 6 |  6.3
Fighting       | 4 7 8 |  8.7
Dodging        | 4 7 8 |  8.6
Poison Magic   | 4 5 |  5.0
Stealth        | |  2.6

Action                     |  1- 3 |  4- 6 |  7- 9 | 10-12 || total
---------------------------+-------+-------+-------+-------++-------
  Melee: Unarmed           |    57 |       |       |       ||    57
         Constrict         |    14 |    20 |     9 |     5 ||    48
         Tentacles         |     8 |     8 |    13 |     4 ||    33
         Punch             |     1 |     2 |     3 |       ||     6
         Whip              |       |   102 |    49 |     2 ||   153
         Morningstar       |       |       |       |    10 ||    10
   Fire: Arbalest          |     7 |     3 |   102 |       ||   112
  Evoke: Wand              |       |       |       |     1 ||     1
    Use: Scroll            |     3 |       |       |     1 ||     4
         Potion            |       |       |       |     3 ||     3
   Stab: Sleeping          |     5 |    18 |     7 |       ||    30
 Armour: Skin              |     1 |     3 |     4 |     3 ||    11
  Dodge: Dodged            |    37 |    64 |    65 |    31 ||   197

Table legend: (Time is in decaauts)
 A = Elapsed time spent in this place.
 B = Non-inter-level travel time spent in this place.
 C = Inter-level travel time spent in this place.
 D = Time resting spent in this place.
 E = Time spent auto-exploring this place.
 F = Levels seen in this place.
 G = Mean time per level.
                   A        B        C        D        E       F      G
               +--------+--------+--------+--------+--------+-----+--------+
         Total |   4569 |   4022 |    547 |      0 |    915 |  11 |  415.4 |
       Dungeon |   3818 |   3280 |    538 |      0 |    501 |   8 |  477.2 |
        Temple |     42 |     33 |      9 |      0 |      0 |   1 |   42.0 |
         Sewer |    255 |    255 |      0 |      0 |    128 |   1 |  255.0 |
       Ossuary |    452 |    452 |      0 |      0 |    286 |   1 |  452.0 |
               +--------+--------+--------+--------+--------+-----+--------+

Top non-repeatable levels by time:
     D:8: 687 daAuts
     D:2: 642 daAuts
     D:3: 521 daAuts
     D:7: 511 daAuts
 Ossuary: 452 daAuts
     D:4: 451 daAuts
     D:1: 424 daAuts
     D:5: 417 daAuts
   Sewer: 255 daAuts
     D:6: 163 daAuts
  Temple: 42 daAuts
